 Dungeon Crawl Stone Soup version 0.25.1-1-g288607f5aa (webtiles) character file.

Game seed: 4065026617336258396

6179 funkygono the Basher (level 10, -10/88 HPs)
             Began as a Minotaur Fighter on July 27, 2020.
             Was a High Priest of Okawaru.
             Splashed by an oklob plant's acid (15 damage)
             ... on level 10 of the Dungeon.
             The game lasted 00:18:02 (8662 turns).

funkygono the Basher (Minotaur Fighter)             Turns: 8662, Time: 00:18:02

Health: -10/88     AC: 11    Str: 23    XL:     10   Next: 60%
Magic:  9/9        EV: 22    Int:  5    God:    Okawaru [*****.]
Gold:   573        SH: 13    Dex: 11    Spells: 9/9 levels left

rFire    . . .     SeeInvis +   u - +2 whip (elec)
rCold    . . .     Gourm    .   c - +1 kite shield
rNeg     . . .     Faith    .   z - +0 plate armour
rPois    .         Spirit   .   (helmet restricted)
rElec    .         Reflect  .   C - +1 cloak
rCorr    .         Harm     .   p - +0 pair of gloves
MR       +....                  k - +0 pair of boots
Stlth    ..........             m - amulet of the acrobat
HPRegen  0.24/turn              e - ring of protection from magic
MPRegen  0.11/turn              K - ring of see invisible

@: corroded, acrobat
A: retaliatory headbutt, horns 2
a: Heroism, Finesse, Renounce Religion


You were on level 10 of the Dungeon.
You worshipped Okawaru.
Okawaru was extremely pleased with you.
You were not hungry.

You visited 1 branch of the dungeon, and saw 10 of its levels.

You collected 573 gold pieces.

Inventory:

Hand Weapons
 a - a +1 flail
 o - a +2 flail of distortion
 u - a +2 whip of electrocution (weapon)
 A - a +3 quarterstaff of chaos
 F - a +2 vorpal flail
 M - a +0 morningstar
 N - a cursed -2 fustibalus
Missiles
 i - 67 sling bullets
 q - 72 bolts
 r - 274 stones (quivered)
Armour
 c - a +1 kite shield (worn)
 k - a +0 pair of boots (worn)
 p - a +0 pair of gloves (worn)
 s - a +0 chain mail
 z - a +0 plate armour (worn)
 C - a +1 cloak (worn)
Jewellery
 e - a ring of protection from magic (left hand)
 m - an amulet of the acrobat (around neck)
 v - an uncursed ring of resist corrosion
 K - a ring of see invisible (right hand)
Wands
 t - a wand of flame (14)
 x - a wand of polymorph (10)
 y - a wand of acid (12)
 B - a wand of clouds (3)
 L - a wand of digging (6)
Scrolls
 j - a scroll of immolation
 n - 5 scrolls of remove curse
 w - 3 scrolls of blinking
 H - 5 scrolls of teleportation
 J - a scroll of amnesia
Potions
 d - 2 potions of might
 g - a potion of haste
 h - 2 potions of mutation
 l - a potion of curing
 D - 2 potions of berserk rage
 E - a potion of lignification
 G - a potion of flight {unknown}
 I - a potion of brilliance {unknown}
Comestibles
 f - 9 rations


   Skills:
 + Level 8.0 Fighting
 + Level 11.4 Maces & Flails
 + Level 9.6 Armour
 + Level 3.9 Dodging
 + Level 10.0 Shields
 + Level 1.1 Invocations
 + Level 0.8 Evocations


You had 9 spell levels left.
You didn't know any spells.
Your spell library contained the following spells:

 Spells                   Type           Power        Failure   Level  Hunger
 Foxfire                  Conj/Fire      #...         100%        1    ##.....
 Magic Dart               Conj           #...         100%        1    ##.....
 Shock                    Conj/Air       #...         100%        1    ##.....
 Searing Ray              Conj           #.....       100%        2    ###....
 Swiftness                Chrm/Air       #.......     100%        2    ###....
 Conjure Flame            Conj/Fire      #.......     100%        3    ####...
 Dazzling Flash           Conj/Hex       #.....       100%        3    ####...
 Inner Flame              Hex/Fire       #.......     100%        3    ####...
 Static Discharge         Conj/Air       #.......     100%        3    ####...
 Airstrike                Air            #.........   100%        4    #####..
 Fulminant Prism          Conj/Hex       #.........   100%        4    #####..
 Iskenderun's Mystic Bla  Conj/Tloc      #.......     100%        4    #####..
 Sticky Flame             Conj/Fire      #.......     100%        4    #####..
 Fireball                 Conj/Fire      #.........   100%        5    ######.
 Lightning Bolt           Conj/Air       #.........   100%        5    ######.


Dungeon Overview and Level Annotations

Branches:
Dungeon (10/15)            Temple (0/1) D:5            Lair (0/6) D:10
    Orc: D:9-12

Altars:
Elyvilon
Fedhas
Hepliaklqana
Kikubaaqudgha
Okawaru
Sif Muna
Trog
Yredelemnul
The Shining One

Annotations:
D:10 exclusion: oklob plant


Innate Abilities, Weirdness & Mutations

You reflexively headbutt those who attack you in melee.
You have a pair of horns on your head.


Message History

You hit the oklob plant but do no damage.
You headbutt the oklob plant, but do no damage.
The oklob plant is lightly damaged.
You hit the oklob plant.
The oklob plant is lightly damaged.
The oklob plant spits acid at you. The splash of acid hits you!
You are splashed with acid!
You hit the oklob plant but do no damage.
The oklob plant is lightly damaged.
The oklob plant spits acid at you. The splash of acid hits you!
* * * LOW HITPOINT WARNING * * *
The acid corrodes you!
You are splashed with acid!
* * * LOW HITPOINT WARNING * * *
Okay, then.
The oklob plant spits acid at you. The splash of acid hits you!
* * * LOW HITPOINT WARNING * * *
The acid corrodes you!
You are splashed with acid!
You die...

#+ #.## ..# # ###.# #.#
### ###...#######...
..# #....#...≈...#
..#######......#@..#...
..##..........##P.P##
..##.####...#...PPPP..#
..#..# #...#≈..P>P..≈#
..#.## #...#...PPPP..#
..'.# #.....##...##...
..### #......#...# ....
..# ###..#...≈... ...
### #...####### .#


You could see an oklob plant.

Vanquished Creatures
  A two-headed ogre (D:9)
  A manticore (D:8)
  An oklob plant (D:6)
  A wyvern (D:9)
  Edmund (D:4)
  A water moccasin (D:5)
  Duvessa (D:4)
  2 orc warriors
  A black bear (D:6)
  3 ice beasts
  7 sky beasts
  2 centaurs
  6 ogres
  A big kobold (D:7)
  3 bullfrogs
  Blork the orc (D:6)
  Dowan (D:4)
  8 scorpions
  4 wights (D:8)
  2 bullfrog zombies
  5 crimson imps
  2 hounds
  Crazy Yiuf (D:4)
  2 jellies
  4 orc priests
  4 iguanas
  Jessica (D:3)
  Ijyb (D:5)
  13 orc wizards
  6 worker ants
  A hound skeleton (D:5)
  3 hound zombies
  A worker ant zombie (D:7)
  5 gnolls
  8 adders
  A shadow imp (D:6)
  2 oozes
  An adder zombie (D:6)
  An adder skeleton (D:6)
  5 worms
  2 dart slugs (D:1)
  3 leopard geckos
  40 orcs
  7 giant cockroaches
  12 goblins
  8 hobgoblins
  4 jackals (D:4)
  5 quokkas
  2 ball pythons (D:1)
  18 bats
  4 frilled lizards
  14 kobolds
  A quokka zombie (D:5)
  4 rats
  A butterfly (D:5)
240 creatures vanquished.

Vanquished Creatures (others)
  A worm (D:3)
  An orc (D:5)
  A quokka (D:9)
3 creatures vanquished.

Grand Total: 243 creatures vanquished

Notes
Turn   | Place    | Note
-------+----------+-------------------------------------------
     0 | D:1      | funkygono the Minotaur Fighter began the quest for the Orb.
     0 | D:1      | Reached XP level 1. HP: 19/19 MP: 0/0
    42 | D:1      | Reached XP level 2. HP: 27/27 MP: 1/1
   264 | D:1      | Reached XP level 3. HP: 27/33 MP: 2/2
   817 | D:2      | Reached skill level 3 in Maces & Flails
   903 | D:2      | Reached XP level 4. HP: 41/41 MP: 3/3
  1067 | D:2      | Found an iron altar of Okawaru.
  1115 | D:2      | Became a worshipper of Warmaster Okawaru
  1285 | D:3      | Found a bloodstained altar of Trog.
  1520 | D:3      | Reached skill level 4 in Maces & Flails
  1620 | D:3      | Noticed Jessica
  1623 | D:3      | Killed Jessica
  1623 | D:3      | Reached XP level 5. HP: 47/47 MP: 4/4
  1703 | D:3      | Reached skill level 1 in Dodging
  1935 | D:4      | Reached skill level 5 in Shields
  2036 | D:4      | Noticed an ogre
  2040 | D:4      | Killed an ogre
  2040 | D:4      | Reached skill level 5 in Maces & Flails
  2040 | D:4      | Reached XP level 6. HP: 53/53 MP: 5/5
  2170 | D:4      | Noticed Duvessa
  2170 | D:4      | Noticed Dowan
  2176 | D:4      | Killed Duvessa
  2176 | D:4      | Reached * piety under Okawaru
  2176 | D:4      | Reached skill level 5 in Armour
  2188 | D:4      | Killed Dowan
  2258 | D:4      | Reached XP level 7. HP: 60/60 MP: 6/6
  2272 | D:4      | Reached skill level 6 in Maces & Flails
  2296 | D:4      | Reached ** piety under Okawaru
  2582 | D:4      | Found a runed translucent door.
  2583 | D:4      | Noticed Crazy Yiuf
  2592 | D:4      | Killed Crazy Yiuf
  3136 | D:4      | Noticed Edmund
  3150 | D:4      | Killed Edmund
  3150 | D:4      | Reached skill level 5 in Fighting
  3150 | D:4      | Reached XP level 8. HP: 68/68 MP: 7/7
  3302 | D:4      | Found a shimmering blue altar of Sif Muna.
  3345 | D:5      | Entered Level 5 of the Dungeon
  3481 | D:5      | Found a staircase to the Ecumenical Temple.
  3540 | D:5      | Reached skill level 7 in Maces & Flails
  3546 | D:5      | Noticed Ijyb
  3551 | D:5      | Killed Ijyb
  3876 | D:5      | Found a blossoming altar of Fedhas.
  4147 | D:5      | Reached *** piety under Okawaru
  4151 | D:5      | Reached skill level 8 in Maces & Flails
  5027 | D:6      | Reached XP level 9. HP: 70/75 MP: 8/8
  5080 | D:6      | Found a basalt altar of Yredelemnul.
  5400 | D:6      | Noticed an oklob plant
  5414 | D:6      | Killed an oklob plant
  5414 | D:6      | Reached **** piety under Okawaru
  5414 | D:6      | Reached skill level 9 in Maces & Flails
  5521 | D:6      | Noticed Blork the orc
  5532 | D:6      | Killed Blork the orc
  5952 | D:6      | Found a glowing golden altar of the Shining One.
  6218 | D:7      | Reached skill level 10 in Maces & Flails
  7057 | D:8      | Reached XP level 10. HP: 86/86 MP: 9/9
  7238 | D:8      | Noticed a manticore
  7247 | D:8      | Killed a manticore
  7247 | D:8      | Reached ***** piety under Okawaru
  7669 | D:9      | Found a hazy altar of Hepliaklqana.
  7700 | D:9      | Reached skill level 11 in Maces & Flails
  7831 | D:9      | Noticed a two-headed ogre
  7846 | D:9      | Killed a two-headed ogre
  7846 | D:9      | Reached skill level 10 in Shields
  7846 | D:9      | Reached skill level 1 in Invocations
  8063 | D:9      | Found a white marble altar of Elyvilon.
  8121 | D:9      | Found an ancient bone altar of Kikubaaqudgha.
  8591 | D:10     | Entered Level 10 of the Dungeon
  8646 | D:10     | Found a staircase to the Lair.
  8649 | D:10     | Noticed an oklob plant
  8662 | D:10     | Splashed by an oklob plant's acid

Illustrated notes

Levels and vault maps discovered:
D:1:      lemuel_arrival_tunnels, layout_rooms, nrook_loot_triangle,
          minmay_pentomino_w4
D:2:      layout_rooms, okawaru_gym_becter
D:3:      layout_rooms, bloody_trog, uniq_jessica
D:4:      old_forge, layout_basic, led_sif_book, uniq_edmund,
          uniq_crazy_yiuf_cottage, uniq_duvessa
D:5:      layout_basic, lemuel_coloured_pillars_altar,
          minmay_temple_entry_butterflies, first_ration, uniq_ijyb
D:6:      layout_basic, tso_altar, lemuel_oklob_altar, uniq_blork_the_orc
D:7:      layout_basic, minmay_quadrilaterals
D:8:      layout_loops_cross
D:9:      layout_gridville, elyvilon_altar_4, lemuel_crystal_altar,
          kennysheep_mini_moat
D:10:     layout_roguey, dpeg_oklobed_lair, orc_david_3, basic_altar

Skill      XL: |  1  2  3  4  5  6  7  8  9 10 |
---------------+-------------------------------+-----
Fighting       | 4 5 7 8 |  8.0
Armour         | 4 5 6 7 8 9 |  9.6
Shields        | 4 5 7 8 9 10 | 10.0
Maces & Flails | 3 4 5 6 8 10 11 | 11.4
Dodging        | 1 2 3 |  3.9
Invocations    | 1 |  1.1
Evocations     | |  0.8

Action                   |  1- 3 |  4- 6 |  7- 9 | 10-12 || total
-------------------------+-------+-------+-------+-------++-------
Melee: Flail             |    97 |   104 |       |       ||   201
       Headbutt          |    12 |    23 |    72 |    29 ||   136
       Whip              |       |    40 |   383 |   116 ||   539
Invok: Heroism           |       |       |     4 |     4 ||     8
Evoke: Wand              |       |       |       |     3 ||     3
  Use: Scroll            |     2 |     6 |     7 |     2 ||    17
       Potion            |       |       |     2 |       ||     2
 Stab: Sleeping          |       |       |     1 |       ||     1
  Eat: Chunk             |       |     5 |    11 |     4 ||    20
       Ration            |       |       |     1 |     1 ||     2
Armor: Scale mail        |    43 |    13 |       |       ||    56
       Chain mail        |       |    35 |   106 |       ||   141
       Plate armour      |       |       |     2 |    22 ||    24
Dodge: Dodged            |    37 |    64 |    91 |    19 ||   211
Block: Kite shield       |    69 |    78 |   139 |    43 ||   329
